 Dungeon Crawl Stone Soup version 0.31-a0-845-g9abc20d24f (webtiles) character file.

Game seed: 6517907817342703700

156 Kurtz the Chopper (level 5, -8/36 HPs)
             Began as an Octopode Fighter on Oct 2, 2023.
             Mangled by a gnoll
             ... wielding a +0 spear
              (9 damage)
             ... on level 4 of the Dungeon.
             The game lasted 00:01:16 (2020 turns).

Kurtz the Chopper (Octopode Fighter)                Turns: 2020, Time: 00:01:17

Health: -8/36      AC:  1    Str: 16    XL:     5   Next: 37%
Magic:  5/5        EV: 11    Int: 10    God:
Gold:   197        SH:  6    Dex: 25    Spells: 4/4 levels left

rFire   . . .        q - +0 morningstar
rCold   . . .        b - +0 buckler
rNeg    . . .        (helmet restricted)
rPois   .            l - amulet of the acrobat
rElec   .            v - +6 ring of dexterity
rCorr   .            w - +6 ring of dexterity
SInv    .            (no ring)
Will    .....        (no ring)
Stlth   +++          (no ring)
HPRegen 0.26/turn    (no ring)
MPRegen 0.09/turn    (no ring)
                     (no ring)

%: acrobat
@: constricted
A: almost no armour, amphibious, 8 rings, camouflage 1, gelatinous body 1,
(nimble swimmer 1), tentacles
a: no special abilities


You were on level 4 of the Dungeon.
You visited 1 branch of the dungeon, and saw 4 of its levels.

You collected 197 gold pieces.

Inventory:

Hand Weapons
 a - a +0 war axe
 q - a +0 morningstar (weapon)
Armour
 b - a +0 buckler (worn)
Jewellery
 l - an amulet of the acrobat (around mantle)
 v - a +6 ring of dexterity (left tentacle)
 w - a +6 ring of dexterity (right tentacle)
Scrolls
 e - 3 scrolls of identify {unknown}
 g - a scroll of fog {unknown}
 i - 2 scrolls of enchant weapon {unknown}
 m - a scroll of blinking {unknown}
 n - a scroll of vulnerability {unknown}
 p - a scroll of amnesia {unknown}
 r - a scroll of revelation {unknown}
 s - a scroll of poison {unknown}
 t - a scroll of enchant armour {unknown}
Potions
 c - a potion of might
 d - a potion of degeneration {unknown}
 f - a potion of cancellation {unknown}
 h - a potion of ambrosia {unknown}
 j - 2 potions of curing {unknown}
 k - a potion of attraction {unknown}
 o - 2 potions of magic {unknown}
 u - a potion of mutation {unknown}


   Skills:
 - Level 3.0 Fighting
 * Level 5.4 Axes
 - Level 3.0 Dodging
 - Level 3.0 Shields


You had 4 spell levels left.
You didn't know any spells.
Your spell library contained the following spells:

 Spells                   Type           Power      Damage    Failure   Level
 Ozocubu's Armour         Ice            0%         N/A       82%         3
 Tukima's Dance           Hex            0%         N/A       82%         3
 Dimensional Bullseye     Hex/Tloc       0%         N/A       99%         4
 Iskenderun's Mystic Bla  Conj/Tloc      0%         2d3       99%         4
 Metabolic Englaciation   Hex/Ice        0%         N/A       100%        5
 Simulacrum               Ice/Necr       0%         N/A       100%        6


Dungeon Overview and Level Annotations

Branches:
Dungeon (4/15)
 Temple: D:4-7

Altars:
Ashenzari

Annotations:
D:3 2 runed translucent doors, hgbash's ghost, amateur OpEE


Innate Abilities, Weirdness & Mutations

You cannot wear most types of armour.
You are amphibious.
You can wear up to eight rings at the same time.
Your skin changes colour to match your surroundings (Stealth+).
Your rubbery body absorbs attacks. (AC +1, EV +1)
((You are camouflaged when in or above water. (Stealth+)))
You have tentacles for arms and can constrict up to eight enemies at once.


Message History

There are monsters nearby!
You hit the gnoll. You grab the gnoll. You squeeze the gnoll!
The gnoll is severely wounded.
You constrict the gnoll. The gnoll hits you with a +0 spear.
The gnoll hits you with a +0 flail!
There are monsters nearby!
You puncture the gnoll!
You kill the gnoll!
The ball python barely misses you. The ball python grabs you.
The ball python constricts you. You block the gnoll's attack.
You block the ball python's attack. The ball python constricts you.
The gnoll hits you with a +0 club.
A gnoll comes into view. It is wielding a +0 halberd.
The gnoll hits you with a +0 spear.
You escape the ball python's grasp.
A ball python comes into view.
You block the gnoll's attack.
The ball python attacks as it pursues you!
The ball python completely misses you. The ball python barely misses you.
The ball python hisses angrily.
The ball python attacks as it pursues you!
The ball python closely misses you. You block the ball python's attack.
The gnoll attacks as it pursues you! The gnoll completely misses you.
There is a stone staircase leading up here.
The ball python bites you. The ball python misses you.
You block the ball python's attack. The ball python grabs you.
You stop ascending the stairs.
The ball python constricts you. The gnoll hits you with a +0 club.
* * * LOW HITPOINT WARNING * * *
You block the gnoll's attack.
Unknown command.
You escape the ball python's grasp.
The ball python bites you but does no damage.
The ball python grabs you.
You stop ascending the stairs.
The ball python constricts you.
* * * LOW HITPOINT WARNING * * *
The gnoll hits you with a +0 club!
* * * LOW HITPOINT WARNING * * *
The gnoll hits you from afar with a +0 spear!
You die...

...#....#
#...#....# ######
#........# .....#
#........###.....#
#.................
#.................
#..........)......
#.......gg.....g..
#......@Sgg.......
#......S..........
#.............#...
......#.###.......
......#.# #+#....
......#.. ....
..... #.. ...
..... #..


You could see 4 gnolls and 2 ball pythons.

Vanquished Creatures
  An orc priest (D:3)
  Jessica (D:2)
  2 gnolls
  An adder (D:2)
  3 worms (D:2)
  2 dart slugs
  5 orcs (D:3)
  5 endoplasms
  2 giant cockroaches
  6 goblins
  5 hobgoblins
  6 kobolds
  A quokka (D:1)
  3 ball pythons (D:1)
  2 bats
  2 frilled lizards
  7 rats
54 creatures vanquished.

Notes
Turn   | Place    | Note
-------+----------+-------------------------------------------
     0 | D:1      | Kurtz the Octopode Fighter began the quest for the Orb.
     0 | D:1      | Reached XP level 1. HP: 16/16 MP: 1/1
   125 | D:1      | Reached XP level 2. HP: 18/21 MP: 2/2
   170 | D:1      | Reached skill level 3 in Axes
   219 | D:1      | Reached XP level 3. HP: 21/26 MP: 3/3
   716 | D:2      | Noticed Jessica
   732 | D:2      | Killed Jessica
   733 | D:2      | Reached skill level 4 in Axes
   733 | D:2      | Reached XP level 4. HP: 26/31 MP: 4/4
   907 | D:2      | Found a faded altar of an unknown god.
  1533 | D:3      | Found a broken altar of Ashenzari.
  1565 | D:3      | Reached skill level 5 in Axes
  1565 | D:3      | Reached XP level 5. HP: 26/36 MP: 5/5
  1970 | D:3      | Found a runed translucent door.
  1971 | D:3      | Noticed hgbash's ghost (amateur OpEE)
  1986 | D:3      | Found a runed translucent door.
  2020 | D:4      | HP: 1/36 [gnoll/+0 club (9)]
  2020 | D:4      | Mangled by a gnoll

Illustrated notes

Levels and vault maps discovered:
D:1:      dpeg_arrival_water_temple_mockup, layout_basic
D:2:      layout_basic, hellmonk_ecumenical_altar_run_dry, uniq_jessica
D:3:      layout_rooms, mainiacjoe_overflow_catwalk, ebering_ghost_sewer_f,
          small_statue_intersection
D:4:      layout_basic, minmay_crystal_water, kennysheep_opposing_triangles,
          uniq_ijyb, uniq_robin

Skill      XL: |  1  2  3  4 |
---------------+-------------+-----
Axes           | 3 4 5 |  5.4
Fighting       | |  3.0
Dodging        | |  3.0
Shields        | |  3.0

Action                     |  1- 3 |  4- 6 || total
---------------------------+-------+-------++-------
  Melee: War axe           |    41 |    55 ||    96
         Constrict         |     9 |    20 ||    29
         Tentacles         |     6 |    10 ||    16
         Punch             |       |     1 ||     1
         Morningstar       |       |     3 ||     3
   Stab: Sleeping          |     4 |     7 ||    11
 Armour: Skin              |    15 |    24 ||    39
  Dodge: Dodged            |    15 |    31 ||    46
  Block: Buckler           |     9 |    15 ||    24

Table legend: (Time is in decaauts)
 A = Elapsed time spent in this place.
 B = Non-inter-level travel time spent in this place.
 C = Inter-level travel time spent in this place.
 D = Time resting spent in this place.
 E = Time spent auto-exploring this place.
 F = Levels seen in this place.
 G = Mean time per level.
                   A        B        C        D        E       F      G
               +--------+--------+--------+--------+--------+-----+--------+
         Total |   2051 |   1974 |     77 |     69 |   1525 |   4 |  512.8 |
       Dungeon |   2051 |   1974 |     77 |     69 |   1525 |   4 |  512.8 |
               +--------+--------+--------+--------+--------+-----+--------+

Top non-repeatable levels by time:
     D:2: 889 daAuts
     D:1: 656 daAuts
     D:3: 493 daAuts
     D:4: 11 daAuts
